 Dungeon Crawl Stone Soup version 0.20.1-1-g8b1a95d66d (webtiles) character file.

134640 NullDivider the Unseen (level 16, -22/90 HPs)
             Began as a Spriggan Artificer on Dec 14, 2017.
             Was an Initiate of Gozag.
             Annihilated by a shambling mangrove (29 damage)
             ... on level 1 of the Swamp on Dec 15, 2017.
             The game lasted 06:16:59 (41220 turns).

NullDivider the Unseen (Spriggan Artificer)        Turns: 41220, Time: 06:16:59

Health: -22/90     AC:  7    Str:  8    XL:     16   Next: 62%
Magic:  38/38      EV: 23    Int: 14    God:    Gozag
Gold:   8831       SH:  0    Dex: 19    Spells: 22/29 levels left

rFire    . . .     SeeInvis +   s - +9 dagger (elec)
rCold    + + .     Gourm    .   (shield restricted)
rNeg     + . .     Faith    .   O - +0 robe "Naigyq" {*Drain rPois rC+ SInv}
rPois    +         Spirit   .   p - +2 hat {MR+}
rElec    +         Reflect  .   H - +2 cloak {+Inv}
rCorr    .         Harm     .   (gloves unavailable)
MR       +++++     Clarity  +   (boots unavailable)
Stlth    ++++++++..             Z - amulet of the Four Winds {rN+ MR+++ Clar}
Regen    0.3/turn               d - ring of stealth
MPRegen  0.3/turn               D - ring "Nuedeom" {rElec rC+ MP+9 Dex-3 Slay+2}

@: grasped by roots, gold aura, quick
A: unfitting armour, see invisible, herbivore 3, speed 3, slow metabolism 2
a: Potion Petition, Call Merchant, Bribe Branch, Renounce Religion, Evoke
Invisibility


You were on level 1 of the Swamp.
You worshipped Gozag.
Gozag was greatly pleased with you.
You were hungry.

You visited 5 branches of the dungeon, and saw 25 of its levels.
You also visited: Labyrinth and Ice Cave.

You collected 10456 gold pieces.
You spent 1526 gold pieces at shops.
You paid 99 gold pieces to Gozag.

Inventory:

Hand Weapons
 o - a +4 demon blade
 s - a +9 dagger of electrocution (weapon)
 B - the +0 rapier of Purpose {freeze, *Noise rF+ Str+4}
   (You found it in a labyrinth)

   It has been specially enchanted to freeze those struck by it, causing extra
   injury to most foes and up to half again as much damage against particularly
   susceptible opponents.
   It can also slow down cold-blooded creatures.
   It affects your strength (+4).
   It protects you from fire.
   It may make noises in combat.
 P - a +3 scimitar of flaming
Armour
 p - a +2 hat of magic resistance (worn)
 H - a +2 cloak of invisibility (worn)
 O - the +0 robe "Naigyq" (worn) {*Drain rPois rC+ SInv}
   (You found it in a labyrinth)

   It protects you from cold.
   It protects you from poison.
   It lets you see invisible.
   It causes draining when unequipped.
 Q - a +2 robe of cold resistance
Jewellery
 b - a +2 ring of evasion
 d - a ring of stealth (left hand)
 D - the ring "Nuedeom" (right hand) {rElec rC+ MP+9 Dex-3 Slay+2}
   (You took it off an orc on level 6 of the Dungeon)

   [ring of protection from cold]

   It affects your dexterity (-3).
   It affects your accuracy and damage with ranged weapons and melee attacks
   (+2).
   It protects you from cold.
   It insulates you from electricity.
   It affects your magic capacity (+9).
 F - an uncursed ring of positive energy
 Z - the amulet of the Four Winds (around neck) {rN+ MR+++ Clar}
   (You found it on level 14 of the Dungeon)

   [amulet of nothing]

   It protects you from negative energy.
   It affects your resistance to hostile enchantments.
   It protects you against confusion.
Wands
 c - a wand of confusion (0/48)
 e - a wand of iceblast (6/15)
 u - a wand of paralysis (4/24)
 y - a wand of flame (1/48)
 A - a wand of acid (9/15)
 G - a wand of polymorph (11/24)
 I - a wand of digging (18/24)
 K - a wand of disintegration (0/24)
 L - a wand of disintegration (10/24)
Scrolls
 a - 10 scrolls of teleportation
 l - 2 scrolls of magic mapping
 m - 2 scrolls of fear
 n - a scroll of enchant armour
 r - 7 scrolls of remove curse
 v - 4 scrolls of fog
 M - 2 scrolls of blinking
 N - a scroll of recharging
 W - a scroll of silence
Potions
 g - 4 potions of might
 h - 2 potions of haste
 i - 6 potions of lignification
 j - 3 potions of agility
 k - 9 potions of curing
 q - 5 potions of flight
 t - a potion of berserk rage
 w - a potion of mutation
 z - a potion of invisibility
 C - 2 potions of cancellation
 E - a potion of experience
 J - 2 potions of ambrosia
 V - 2 potions of heal wounds
Miscellaneous
 x - a phial of floods
Comestibles
 f - 13 bread rations
 T - 20 fruits


   Skills:
 + Level 12.6 Fighting
 + Level 13.5 Short Blades
 + Level 17.4 Dodging
 + Level 18.5 Stealth
 - Level 7.1 Spellcasting
 - Level 4.3 Hexes
   Level 1.1 Charms
 - Level 5.0 Poison Magic
 + Level 16.0 Evocations


You had 22 spell levels left.
You knew the following spells:

 Your Spells              Type           Power        Failure   Level  Hunger
a - Mephitic Cloud        Conj/Pois/Air  #.......     22%         3    ##.....
b - Confuse               Hex            ###.....     7%          3    ##.....
c - Sting                 Conj/Pois      ##..         4%          1    None


Dungeon Overview and Level Annotations

Branches:
Dungeon (15/15)            Temple (1/1) D:6            Lair (6/6) D:10
  Swamp (1/4) Lair:4        Snake (0/4) Lair:4        Slime (0/5) Lair:5
    Orc (2/2) D:9             Elf (0/3) Orc:2        Vaults (0/5) D:13
 Depths (0/5) D:15

Altars:
Elyvilon
Fedhas
Gozag
Kikubaaqudgha
Makhleb
Nemelex Xobeh
Okawaru
Uskayaw
Xom
Yredelemnul

Shops:
D:5 *   D:6 [?((?   D:14 [   Orc:2 (!*:}

Portals:
Hell: Lair:6

Annotations:
D:14 exclusion: ice statue
Lair:3 exclusion: 2 oklob plants


Innate Abilities, Weirdness & Mutations

You are very small and have problems with some larger weapons.
You are too small for most types of armour.
You have supernaturally acute eyesight. (SInv)
You are a herbivore.
You cover ground extremely quickly.
You need consume almost no food.


Message History

* * * LOW HITPOINT WARNING * * *
Evoke which item? (* to show all) (? for menu, Esc to quit)
Aiming: Disintegrate
Press: ? - help, Shift-Dir - straight line, f/p - shambling mangrove
Aim: a shambling mangrove (moderately damaged, chance to defeat MR: 42%)
The swamp worm is blasted.
You blow up the swamp worm!
You hear a splash.
This wand has 0 charges left.
Evoke which item? (* to show all) (? for menu, Esc to quit)
Aiming: Disintegrate (will waste charges)
Press: ? - help, Shift-Dir - straight line, f/p - shambling mangrove
Aim: a shambling mangrove (moderately damaged, chance to defeat MR: 42%)
The shambling mangrove resists with some effort.
Evoking this partially-identified wand wasted a few charges.
You enter the shallow water.
Moving in this stuff is going to be slow.
The shambling mangrove hits you!!
You die...
Your body crumbles into a pile of gold.

♣♣♣♣♣♣♣ ♣♣...@≈♣♣ ♣ ♣≈≈≈≈≈f.♣ ♣
♣.≈≈≈≈≈.♣ ♣♣♣ . ♣.≈≈≈≈..♣♣ ♣♣≈.♣♣
. ♣(.≈≈≈...♣♣ ♣≈...♣♣♣♣♣ ♣♣♣♣♣♣♣
♣≈≈≈≈.....♣♣ ♣..>...♣≈
♣≈♣♣≈.♣♣♣♣♣♣..≈≈.≈≈≈..♣♣ ♣♣......
........≈......≈≈≈≈≈≈..♣♣♣.......
≈.≈≈≈≈§..≈≈........≈≈.........≈≈.


You could see a shambling mangrove.

Vanquished Creatures
  Rupert (Lair:5)
  Gastronok (Lair:3)
  Frances (D:14)
  Donald (Orc:2)
  The ghost of Erymatos the Severer, a journeyman MiBe of Trog (Lair:5)
  Nessos (Lair:5)
  An ettin (D:15)
  A fire dragon (D:14)
  A minotaur (Lab)
  Snorg (Lair:6)
  An ice dragon (D:14)
  Erolcha (D:9)
  3 vault guards (D:13)
  3 catoblepae
  Erica (Lair:1)
  7 hydras
  5 centaur warriors
  2 death knights
  31 two-headed ogres
  A tengu warrior (D:15)
  2 alligators (Swamp:1)
  8 ogre magi
  7 death yaks
  An orc high priest (Orc:1)
  Sonja (Lair:3)
  A hell knight (D:15)
  A wizard (Lair:6)
  2 unseen horrors
  A deep troll (D:14)
  Pikel (D:6)
  3 orc knights (Orc:2)
  The ghost of Timinator the Purveyor of Pain, a novice DsNe of Kikubaaqudgha (D:7)
  A wolf spider (D:14)
  5 deep elf magi
  5 cyclopes
  7 ugly things
  2 manticores
  An orc sorcerer (Orc:1)
  Maurice (D:9)
  5 black mambas
  3 ice statues (IceCv)
  10 elephants
  Psyche (D:9)
  An orange demon (Lair:6)
  4 centaur skeletons
  A gargoyle (D:14)
  12 spiny frogs
  A kobold demonologist (D:11)
  2 freezing wraiths (D:14)
  2 efreet
  A hellwing (Lair:6)
  2 rime drakes (Lair:6)
  A rime drake (shapeshifter) (D:14)
  2 ice devils (Lair:6)
  4 komodo dragons
  A harpy zombie (D:15)
  A meliai (D:14)
  A red devil (Lair:6)
  6 trolls
  4 polar bears (Lair:6)
  2 hornets
  A tyrant leech (Swamp:1)
  10 dream sheep (Lair:6)
  12 hippogriffs
  A bog body (Swamp:1)
  18 slime creatures
  A meliai zombie (D:13)
  A shadow (Swamp:1)
  2 vampires
  2 spriggans
  25 yaks
  Eustachio (D:6)
  9 basilisks
  A human (shapeshifter) (D:14)
  6 fire bats (Lair:4)
  6 wyverns
  A hungry ghost (D:12)
  Grum (D:9)
  2 vampire mosquitoes (D:14)
  Menkaure (D:5)
  5 wargs
  3 acid dragons
  4 swamp worms
  18 water moccasins
  6 hell hounds
  Duvessa (D:6)
  8 porcupines
  3 black bears
  A hornet zombie (D:14)
  4 sky beasts
  13 orc warriors
  2 necrophages
  An eye of draining (D:13)
  12 ice beasts
  38 ogres
  5 phantoms
  The ghost of Timinator the Firebug, an amateur DrFE (D:3)
  45 wolves
  4 boggarts (Lair:6)
  20 centaurs
  10 crocodiles
  A big kobold (D:9)
  18 bullfrogs
  2 wyvern zombies
  2 wyvern skeletons
  2 scorpions
  Dowan (D:6)
  5 wights
  27 killer bees
  An electric eel (Lair:3)
  3 howler monkeys
  A lava snake (D:7)
  4 bullfrog zombies
  6 centaur zombies
  2 quasits
  9 crimson imps
  Crazy Yiuf (D:6)
  2 bullfrog skeletons
  13 orc priests
  10 hounds
  5 jellies
  24 orc wizards
  5 iguanas
  10 worker ants
  A hound skeleton (D:4)
  A hound zombie (D:9)
  A worker ant zombie (D:7)
  2 gnolls (D:9)
  12 adders
  A river rat (Lair:3)
  4 shadow imps
  An adder zombie (D:9)
  2 oozes (Lair:5)
  An adder skeleton (D:4)
  2 worms
  A dart slug (D:1)
  6 leopard geckos
  42 orcs
  4 giant cockroaches
  7 goblins
  12 hobgoblins
  3 jackals (D:3)
  11 quokkas
  2 ball pythons
  7 bats
  3 frilled lizards
  11 kobolds
  A leopard gecko skeleton (D:7)
  2 quokka skeletons
  2 quokka zombies
  4 rats
788 creatures vanquished.

Vanquished Creatures (collateral kills)
  A catoblepas (Lair:3)
  A sun demon (Lair:6)
  An ugly thing (D:11)
  2 dream sheep (Lair:6)
  A swamp drake (D:9)
  2 wights (D:14)
  4 killer bees (Lair:3)
  A howler monkey (D:13)
  An orc priest (D:11)
  An orc wizard (D:6)
  2 gnolls (D:9)
  10 orcs
27 creatures vanquished.

Vanquished Creatures (others)
  An ugly thing (D:14)
  A manticore (D:13)
  An orange demon (Lair:6)
  A gargoyle (D:13)
  A spiny frog (Lair:5)
  A hippogriff (Lair:3)
  2 dream sheep (Lair:6)
  Sigmund (D:5)
  A water moccasin (Lair:3)
  A hell hound (Lair:6)
  2 sky beasts (D:11)
  3 slaves (D:6)
  An ogre (D:11)
  A centaur (D:9)
  A crocodile (D:11)
  A gnoll sergeant (D:9)
  2 killer bees (Lair:3)
  4 wights
  4 orc priests
  An iguana (D:11)
  An orc wizard (D:6)
  2 worker ants (D:11)
  An adder (D:11)
  An orc (D:11)
  A jackal skeleton (D:11)
  9 fungi
  9 plants
55 creatures vanquished.

Grand Total: 870 creatures vanquished

Notes
Turn   | Place    | Note
-------+----------+-------------------------------------------
     0 | D:1      | NullDivider the Spriggan Artificer began the quest for the Orb.
     0 | D:1      | Reached XP level 1. HP: 9/9 MP: 4/4
   122 | D:1      | Reached skill level 1 in Fighting
   385 | D:1      | Reached XP level 2. HP: 14/14 MP: 6/6
  1356 | D:2      | Reached skill level 2 in Stealth
  1727 | D:2      | Reached XP level 3. HP: 18/18 MP: 7/7
  2414 | D:3      | Noticed Timinator's ghost (amateur DrFE)
  2831 | D:3      | Killed Timinator's ghost
  2831 | D:3      | Reached XP level 4. HP: 10/23 MP: 8/8
  3039 | D:3      | Reached XP level 5. HP: 22/27 MP: 9/9
  3244 | D:3      | Reached skill level 3 in Stealth
  3356 | D:3      | Found a white marble altar of Elyvilon.
  3736 | D:4      | Noticed a phantom
  4362 | D:4      | Found an opulent altar of Gozag.
  4362 | D:4      | Found a basalt altar of Yredelemnul.
  4367 | D:4      | Became a worshipper of Gozag Ym Sagoz the Greedy
  4712 | D:4      | Got an encrusted leather armour
  4730 | D:5      | Entered Level 5 of the Dungeon
  4785 | D:5      | Reached XP level 6. HP: 32/32 MP: 10/10
  4815 | D:5      | Reached skill level 4 in Stealth
  4815 | D:5      | Reached skill level 5 in Evocations
  4925 | D:5      | Noticed Sigmund
  4938 | D:5      | Your ally died
  4938 | D:5      | Reached skill level 5 in Dodging
  4938 | D:5      | Reached XP level 7. HP: 19/37 MP: 10/12
  4952 | D:5      | Noticed Menkaure
  5468 | D:5      | Reached skill level 5 in Stealth
  5787 | D:5      | Found Fetitas's Assorted Antiques.
  5792 | D:5      | Bought a colourful robe for 171 gold pieces
  5802 | D:5      | Identified the cursed +1 robe "Viehunko" {*Drain MR+ Str+5} (You bought it in a shop on level 5 of the Dungeon)
  6197 | D:5      | Killed Menkaure
  6197 | D:5      | Reached XP level 8. HP: 42/42 MP: 13/13
  6212 | D:5      | Found a sparkling altar of Nemelex Xobeh.
  6263 | D:6      | Found Fuqaed's Magic Scroll Shoppe.
  6280 | D:6      | Bought a scroll of random uselessness for 11 gold pieces
  6313 | D:6      | Reached skill level 6 in Stealth
  6334 | D:6      | Found a staircase to the Ecumenical Temple.
  6581 | D:6      | Found Jodoes's Antique Armour Shop.
  6657 | D:6      | Got a wavering marble ring
  6809 | D:6      | Identified the ring "Nuedeom" {rElec rC+ MP+9 Dex-3 Slay+2} (You took it off an orc on level 6 of the Dungeon)
  6886 | D:6      | Found Setim's Weapon Shoppe.
  6977 | D:6      | Noticed Pikel
  6978 | D:6      | Found Ajaif's Antique Weapon Shop.
  7002 | D:6      | Killed Pikel
  7002 | D:6      | Reached skill level 5 in Fighting
  7002 | D:6      | Reached skill level 7 in Stealth
  7039 | D:6      | Noticed Duvessa
  7039 | D:6      | Noticed Dowan
  7588 | D:6      | Noticed a two-headed ogre
  7606 | D:6      | Killed a two-headed ogre
  7606 | D:6      | Reached skill level 5 in Short Blades
  7606 | D:6      | Reached skill level 8 in Stealth
  7606 | D:6      | Reached XP level 9. HP: 48/48 MP: 15/15
  7625 | D:6      | Killed Dowan
  7657 | D:6      | Found Degougud's Magic Scroll Shoppe.
  7662 | D:6      | Noticed Eustachio
  7808 | D:6      | Killed Duvessa
  8025 | D:6      | Killed Eustachio
  8041 | D:6      | Bought a scroll of identify for 28 gold pieces
  8136 | D:6      | Found a runed door.
  8141 | D:6      | Noticed Crazy Yiuf
  8145 | D:6      | Killed Crazy Yiuf
  8484 | D:7      | Noticed Timinator's ghost (novice DsNe)
  8509 | D:7      | Killed Timinator's ghost
  8509 | D:7      | Reached skill level 9 in Stealth
  8706 | D:7      | Reached XP level 10. HP: 55/55 MP: 17/17
  9459 | D:8      | Noticed a two-headed ogre
  9488 | D:8      | Killed a two-headed ogre
  9942 | D:8      | Reached skill level 10 in Stealth
 10164 | D:6      | Bought a scroll of recharging for 133 gold pieces
 10164 | D:6      | Bought a scroll of enchant weapon for 105 gold pieces
 10164 | D:6      | Bought 3 scrolls of identify for 84 gold pieces
 10248 | D:9      | Found a burning altar of Makhleb.
 10324 | D:9      | Noticed Maurice
 10333 | D:9      | Killed Maurice
 10952 | D:9      | Noticed Erolcha
 10981 | D:9      | Killed Erolcha
 10981 | D:9      | Reached skill level 10 in Dodging
 11014 | D:9      | Noticed Grum
 11017 | D:9      | Killed Grum
 11017 | D:9      | Reached XP level 11. HP: 48/60 MP: 19/19
 11339 | D:9      | Noticed a two-headed ogre
 11350 | D:9      | Killed a two-headed ogre
 11350 | D:9      | Reached skill level 11 in Stealth
 11350 | D:9      | Reached skill level 10 in Evocations
 11592 | D:9      | Noticed a two-headed ogre
 11605 | D:9      | Killed a two-headed ogre
 11862 | D:9      | Found a staircase to the Orcish Mines.
 11934 | D:9      | Learned a level 2 spell: Swiftness
 11938 | D:9      | Learned a level 3 spell: Confuse
 12031 | D:9      | Noticed Psyche
 12036 | D:9      | Killed Psyche
 12191 | D:10     | Entered Level 10 of the Dungeon
 12249 | D:10     | Found a staircase to the Lair.
 12510 | D:10     | Noticed a two-headed ogre
 12519 | D:10     | Killed a two-headed ogre
 12947 | D:10     | Learned a level 1 spell: Sting
 13007 | Lair:1   | Entered Level 1 of the Lair of Beasts
 13007 | Lair:1   | Noticed Erica
 13233 | Lair:1   | Killed Erica
 13233 | Lair:1   | Reached skill level 1 in Charms
 13254 | Lair:1   | Reached skill level 12 in Stealth
 13254 | Lair:1   | Reached skill level 1 in Spellcasting
 13286 | Lair:1   | Reached skill level 1 in Hexes
 13359 | Lair:1   | Reached skill level 1 in Poison Magic
 13623 | Lair:1   | Reached XP level 12. HP: 67/67 MP: 21/21
 14195 | Lair:1   | Noticed a six-headed hydra
 14202 | Lair:1   | Killed a six-headed hydra
 14885 | Temple   | Entered the Ecumenical Temple
 15170 | Lair:2   | Noticed a five-headed hydra
 15841 | Lair:2   | Killed a five-headed hydra
 15841 | Lair:2   | Reached skill level 10 in Fighting
 15988 | Lair:3   | Noticed Gastronok
 15995 | Lair:3   | Killed Gastronok
 16338 | Lair:3   | Noticed a catoblepas
 16445 | Lair:3   | Reached skill level 13 in Stealth
 16563 | Lair:3   | Killed a catoblepas
 16963 | Lair:3   | Reached skill level 5 in Spellcasting
 17162 | Lair:3   | Reached XP level 13. HP: 69/72 MP: 22/22
 17350 | Lair:3   | Noticed Sonja
 17354 | Lair:3   | Killed Sonja
 18033 | Lair:3   | Learned a level 3 spell: Mephitic Cloud
 18623 | Lair:4   | Identified 2 scrolls of acquirement
 18716 | Lair:4   | Found a staircase to the Swamp.
 18845 | Lair:4   | Found a staircase to the Snake Pit.
 19664 | Lair:4   | Reached skill level 10 in Short Blades
 20362 | Lair:5   | Found a staircase to the Slime Pits.
 20380 | Lair:5   | Noticed Erymatos's ghost (journeyman MiBe)
 20474 | Lair:5   | Killed Erymatos's ghost
 20474 | Lair:5   | Reached skill level 14 in Stealth
 20475 | Lair:5   | Noticed Nessos
 20482 | Lair:5   | Killed Nessos
 20740 | Lair:5   | Noticed Rupert
 20757 | Lair:5   | Killed Rupert
 21847 | Lair:6   | Entered Level 6 of the Lair of Beasts
 21874 | Lair:6   | Found a labyrinth entrance.
 21938 | Lab      | Entered a labyrinth
 22070 | Lab      | Noticed a minotaur
 22082 | Lab      | Killed a minotaur
 22100 | Lab      | Got a smoking rapier
 22100 | Lab      | Got a slimy robe
 22159 | Lair:6   | Identified the cursed +0 robe "Naigyq" {*Drain rPois rC+ SInv} (You found it in a labyrinth)
 22159 | Lair:6   | Identified the cursed +0 rapier of Purpose {freeze, *Noise rF+ Str+4} (You found it in a labyrinth)
 22581 | Lair:6   | Reached XP level 14. HP: 66/77 MP: 25/25
 23224 | Lair:6   | Noticed Snorg
 23242 | Lair:6   | Reached skill level 5 in Poison Magic
 23548 | Lair:6   | Killed Snorg
 24214 | Lair:6   | Reached skill level 15 in Stealth
 24593 | Lair:6   | Found a burning altar of Makhleb.
 25017 | Lair:6   | Found a gateway to Hell.
 26117 | D:5      | Bought a scroll of identify for 60 gold pieces
 26117 | D:5      | Bought a gold wand for 120 gold pieces
 26145 | D:6      | Bought a scroll of magic mapping for 38 gold pieces
 26956 | D:11     | Found a shimmering altar of Xom.
 27699 | D:12     | You fall through a shaft!
 28012 | D:13     | Found a hide-covered altar of Uskayaw.
 28032 | D:13     | Reached skill level 16 in Stealth
 28341 | D:12     | Reached skill level 15 in Dodging
 29455 | D:13     | Reached XP level 15. HP: 35/83 MP: 26/26
 29851 | D:13     | Found a gate to the Vaults.
 30704 | D:14     | Found a runed door.
 30704 | D:14     | Found a runed door.
 30835 | D:14     | Found a runed door.
 31404 | D:14     | Found a runed door.
 31419 | D:14     | Found Otilio's Antique Armour Shoppe.
 31989 | D:14     | Found a runed door.
 32031 | D:14     | Noticed Frances
 32241 | D:14     | Killed Frances
 33427 | D:14     | Reached skill level 17 in Stealth
 33684 | D:15     | Entered Level 15 of the Dungeon
 34334 | D:15     | Found a frozen archway.
 34338 | IceCv    | Entered an ice cave
 35208 | D:15     | Reached skill level 15 in Evocations
 36612 | D:15     | Found a staircase to the Depths.
 36878 | D:15     | Reached XP level 16. HP: 88/88 MP: 28/28
 37467 | Orc:1    | Entered Level 1 of the Orcish Mines
 38002 | Orc:2    | Entered Level 2 of the Orcish Mines
 38055 | Orc:2    | Reached skill level 18 in Stealth
 38183 | Orc:2    | Found Sanut's Distillery.
 38183 | Orc:2    | Found Xepuhoxa's Book Boutique.
 38185 | Orc:2    | Found Cuonuf's Weapon Shop.
 38185 | Orc:2    | Found Amiutyts's Assorted Antiques.
 38381 | Orc:2    | Noticed Donald
 38408 | Orc:2    | Killed Donald
 38613 | Orc:2    | Found Egod's Gadget Shoppe.
 38697 | Orc:2    | Bought a scroll of identify for 76 gold pieces
 38891 | Orc:2    | Found a staircase to the Elven Halls.
 39847 | Orc:2    | Bought a potion of experience for 700 gold pieces
 40352 | Swamp:1  | Entered Level 1 of the Swamp
 41220 | Swamp:1  | Annihilated by a shambling mangrove

Skill      XL: |  1  2  3  4  5  6  7  8  9 10 11 12 13 14 15 16 |
---------------+-------------------------------------------------+-----
Fighting       | 1 2 3 4 6 7 8 9 10 11 12 | 12.6
Stealth        | 2 3 4 5 8 9 10 12 13 14 16 17 18 | 18.5
Short Blades   | 2 3 4 5 6 7 8 9 10 11 12 13 | 13.5
Dodging        | 4 5 7 8 10 11 12 13 15 16 17 | 17.4
Evocations     | 5 6 7 8 9 10 11 12 14 15 16 | 16.0
Charms         | 1 |  1.1
Spellcasting   | 2 5 7 |  7.1
Hexes          | 2 4 |  4.3
Poison Magic   | 1 3 4 5 |  5.0

Action                   |  1- 3 |  4- 6 |  7- 9 | 10-12 | 13-15 | 16-18 || total
-------------------------+-------+-------+-------+-------+-------+-------++-------
Melee: Short sword       |   103 |       |       |       |       |       ||   103
       Dagger            |    53 |    75 |   204 |   761 |  1433 |   375 ||  2901
       Rapier            |       |       |       |       |   125 |       ||   125
       Scimitar          |       |       |       |       |    76 |       ||    76
 Cast: Sting             |       |       |       |     4 |    32 |     3 ||    39
       Confuse           |       |       |       |       |     8 |    10 ||    18
 Abil: Evoke Invisibilit |       |       |       |       |     1 |       ||     1
Evoke: Wand              |     5 |     6 |    35 |    37 |   101 |    12 ||   196
       Phial of floods   |       |       |       |     1 |     2 |       ||     3
       Phantom mirror    |       |       |       |       |     2 |       ||     2
  Use: Scroll            |       |       |    13 |    17 |    21 |     4 ||    55
 Stab: Sleeping          |     4 |     6 |    13 |    40 |    62 |    12 ||   137
       Distracted        |       |       |     3 |    10 |    22 |     5 ||    40
       Paralysed         |       |       |     5 |     5 |     7 |       ||    17
       Confused          |       |       |       |     3 |    26 |     4 ||    33
       Betrayed ally     |       |       |       |     2 |     2 |       ||     4
       Invisible         |       |       |       |       |     9 |       ||     9
  Eat: Royal jelly       |       |       |     1 |     2 |    10 |     3 ||    16
       Bread ration      |       |       |     1 |       |       |       ||     1
       Fruit             |       |       |       |     1 |       |       ||     1
Armor: Robe              |    15 |     6 |     9 |    32 |    50 |     2 ||   114
Dodge: Dodged            |   128 |    38 |   125 |   452 |   926 |   205 ||  1874
       Rpst.: Scimitar   |       |       |       |       |    25 |       ||    25
